 Seeded DCSS version 0.32-a0-576-g706899e69d (webtiles) character file.

Game seed: 15684414516051530104 (custom seed)

169 hikkokomori the Trooper (level 5, 0/48 HPs)
             Began as a Mountain Dwarf Cinder Acolyte on Mar 1, 2024.
             Was a High Priest of Ignis.
             Slain by a bullfrog (3 damage)
             ... in a sewer.
             The game lasted 00:03:51 (1680 turns).

hikkokomori the Trooper (MDCA)                      Turns: 1680, Time: 00:03:52

Health: 0/48       AC:  5    Str: 16    XL:     5   Next: 25%
Magic:  0/6        EV:  5    Int: 20    God:    Ignis [*****.]
Gold:   175        SH:  0    Dex:  5    Spells: 4/6 levels left

rFire   + . .        l - +9 spear of Pahythy {flame, rC+ Int+3}
rCold   + . .        (no shield)
rNeg    . . .        e - +0 ring mail
rPois   .            (no helmet)
rElec   .            (no cloak)
rCorr   .            (no gloves)
SInv    .            (no boots)
Will    .....        i - amulet of guardian spirit Stlth
                     d - +5 ring of evasion
HPRegen 0.28/turn    p - +4 ring of slaying
MPRegen 0.10/turn

%: guardian spirit
@: hasted, constricted, very quick
A: runic magic, artefact enchanting
a: Renounce Religion, Fiery Armour, Foxfire Swarm, Rising Flame


You were in a sewer.
You worshipped Ignis.
Ignis was extremely pleased with you.
You visited 1 branch of the dungeon, and saw 3 of its levels.
You also visited: Sewer.

You collected 175 gold pieces.

Inventory:

Hand Weapons
 a - a -1 mace of flaming
 k - a +0 spear
 l - the +9 spear of Pahythy (weapon) {flame, rC+ Int+3}
   (You found it on level 2 of the Dungeon)

   Int+3:     It affects your intelligence (+3).
   rC+:       It protects you from cold.
Missiles
 n - a throwing net
Armour
 b - a +0 robe
 e - a +0 ring mail (worn)
Jewellery
 d - a +5 ring of evasion (left hand)
 i - an amulet of guardian spirit (around neck)
 p - a +4 ring of slaying (right hand)
Scrolls
 c - a scroll of fear {unknown}
 f - 2 scrolls of revelation {unknown}
 j - a scroll of teleportation {unknown}
 m - a scroll of identify {unknown}
 o - 2 scrolls of immolation {unknown}
Potions
 g - a potion of invisibility {unknown}
 q - a potion of attraction {unknown}


   Skills:
 + Level 5.0 Fighting
 - Level 3.8 Maces & Flails
 + Level 3.0 Polearms
 - Level 1.2 Spellcasting
 - Level 4.0 Fire Magic


You had 4 spell levels left.
You knew the following spells:

 Your Spells              Type           Power      Damage    Failure   Level
a - Scorch                Fire           34%        2d6       6%          2

Your spell library contained the following spells:

 Spells                   Type           Power      Damage    Failure   Level
 Kiss of Death            Conj/Necr      4%         2d5       21%         1
 Ozocubu's Armour         Ice            1%         N/A       52%         3
 Haunt                    Necr/Summ      0%         N/A       100%        7
 Infestation              Necr           0%         N/A       100%        8


Dungeon Overview and Level Annotations

Branches:
Dungeon (3/15)              Sewer (1/1)

Altars:


Innate Abilities, Weirdness & Mutations

Your spellcasting is much less encumbered by armour.
You can use scrolls of enchantment on lesser artefacts.


Message History

The ball python's grasp on you weakens, but your attempt to escape fails.
The ball python bites you but does no damage.
The bullfrog hits you.
The bullfrog hits you but does no damage.
The ball python bites you. The ball python constricts you.
The frilled lizard completely misses you.
You escape the ball python's grasp.
The ball python bites you but does no damage.
You see here a giant cockroach corpse.
Unknown command.
You hit the bullfrog. You burn the bullfrog.
The bullfrog is lightly wounded.
The ball python bites you but does no damage.
The ball python grabs you. The ball python constricts you.
The bullfrog barely misses you. The ball python bites you.
Unknown command.
You hit the ball python but do no damage.
The bullfrog hits you but does no damage.
The bullfrog hits you.
The ball python bites you but does no damage.
The ball python constricts you.
The ball python bites you but does no damage.
The bullfrog barely misses you. The bullfrog hits you.
* * * LOW HITPOINT WARNING * * *
Unknown command.
You puncture the ball python! You burn the ball python.
You kill the ball python!
The ball python bites you but does no damage.
The ball python constricts you. The bullfrog hits you.
* * * LOW HITPOINT WARNING * * *
The bullfrog completely misses you.
Unknown command.
Okay, then.
It was a potion of haste.
You feel yourself speed up.
The ball python bites you but does no damage.
The ball python constricts you.
* * * LOW HITPOINT WARNING * * *
The bullfrog hits you.
You die...
Ignis goes out, and joins you in death.

###.∩..~~~~~~~~.~~#
#~...~#########~~~#
∩~~####~~††~~††~~~####
####~~~~#####~~~~~#~.##
#~~~~...#.∩.#######~~~####
~~~~~####~~.~~~..#.~~~~~~##
~~~###~~~~~~†...~##~~#..~~##
~.##~~~.~#######.~#.†##.~..#
~##~~~~###≈≈.~~#@F##†~##~~~##
~#~~~~##≈≈~~~~BlFS~#~~~#~†~~#
##~~~##
≈~~~~~..~.~#~.~##~~~## #~~~~#
.~~~~~$~~~~#~.~.#.~..# #~~~~#
~~~~.?$?...#~~~~#~~.∩# #~.~†#
~~~.?($.~~≈#~~.~#~~..#
##~~.##
≈≈.~~..~~≈##~~.##~~~##
~#~~~~##≈≈≈≈~~~≈≈##~~.~#~~~~#
~##~.~.###≈≈≈≈≈###.~~.##~~~##


You could see 2 bullfrogs, a giant cockroach, a ball python and a frilled
lizard.

Vanquished Creatures
  Natasha (D:3)
  5 adders
  7 dart slugs
  An orc (D:3)
  11 endoplasms
  12 giant cockroaches
  A goblin (D:1)
  6 hobgoblins
  2 quokkas (D:2)
  11 ball pythons
  4 bats
  10 frilled lizards
  5 kobolds
  3 rats
79 creatures vanquished.

Notes
Turn   | Place    | Note
-------+----------+-------------------------------------------
     0 | D:1      | hikkokomori the Mountain Dwarf Cinder Acolyte began the
                  | quest for the Orb.
     0 | D:1      | Reached XP level 1. HP: 19/19 MP: 2/2
   370 | D:1      | Reached XP level 2. HP: 23/26 MP: 3/3
   547 | D:1      | Got the Parchment of Graupel and Ectoplasm
   767 | D:2      | Identified the +9 spear of Pahythy {flame, rC+ Int+3}
   804 | D:2      | Learned a level 2 spell: Scorch
   829 | D:2      | Reached skill level 1 in Polearms
   941 | D:2      | Reached XP level 3. HP: 33/33 MP: 1/4
  1107 | D:2      | Found a faded altar of an unknown god.
  1165 | D:3      | Noticed Natasha
  1174 | D:3      | Killed Natasha
  1175 | D:3      | Reached skill level 4 in Fighting
  1266 | D:3      | Reached XP level 4. HP: 41/41 MP: 5/5
  1266 | D:3      | Found a glowing drain.
  1275 | Sewer    | Entered a sewer
  1559 | Sewer    | Reached XP level 5. HP: 47/47 MP: 6/6
  1637 | Sewer    | Reached skill level 5 in Fighting
  1680 | Sewer    | Slain by a bullfrog

Illustrated notes

Levels and vault maps discovered:
D:1:      dpeg_arrival_long_road, layout_loops_cross, nrook_loot_triangle
D:2:      layout_rooms, ebering_ecumenical_altar_rust, hangedman_glass_teeth,
          minmay_fountain_box
D:3:      layout_basic, gammafunk_temple_overflow_elements,
          portal_sewer_entry_d, uniq_natasha
Sewer:    sewer_frog_island_02

Skill      XL: |  1  2  3  4  5 |
---------------+----------------+-----
Fire Magic     | 4 |  4.0
Polearms       | 1 2 3 |  3.0
Fighting       | 4 5 |  5.0
Maces & Flails | |  3.8
Spellcasting   | |  1.2

Action                     |  1- 3 |  4- 6 || total
---------------------------+-------+-------++-------
  Melee: Mace              |    30 |       ||    30
         Spear             |    75 |   113 ||   188
   Cast: Scorch            |     2 |       ||     2
    Use: Potion            |       |     1 ||     1
 Armour: Ring mail         |    64 |    84 ||   148
         Robe              |     2 |       ||     2
  Dodge: Dodged            |    69 |    77 ||   146

Table legend: (Time is in decaauts)
 A = Elapsed time spent in this place.
 B = Non-inter-level travel time spent in this place.
 C = Inter-level travel time spent in this place.
 D = Time resting spent in this place.
 E = Time spent auto-exploring this place.
 F = Levels seen in this place.
 G = Mean time per level.
                   A        B        C        D        E       F      G
               +--------+--------+--------+--------+--------+-----+--------+
         Total |   1753 |   1703 |     50 |    123 |   1072 |   4 |  438.2 |
       Dungeon |   1295 |   1245 |     50 |      0 |    944 |   3 |  431.7 |
         Sewer |    457 |    457 |      0 |    123 |    128 |   1 |  457.0 |
               +--------+--------+--------+--------+--------+-----+--------+

Top non-repeatable levels by time:
     D:1: 756 daAuts
   Sewer: 457 daAuts
     D:2: 416 daAuts
     D:3: 121 daAuts
